 Dungeon Crawl Stone Soup version 0.31-a0-496-g6f97920a28 (webtiles) character file.

Game seed: 12696454105527331218

1146 arthad the Trooper (level 8, 0/51 HPs)
             Began as a Gargoyle Fighter on Aug 9, 2023.
             Killed by divine providence
             ... invoked by an orc priest
              (14 damage)
             ... on level 6 of the Dungeon.
             The game lasted 00:09:00 (4770 turns).

arthad the Trooper (Gargoyle Fighter)               Turns: 4770, Time: 00:09:00

Health: 0/51       AC: 17    Str: 22 (23) XL:     8   Next: 38%
Magic:  8/8        EV: 10    Int:  8      God:
Gold:   187        SH:  5    Dex:  9      Spells: 7/7 levels left

rFire   . . .        a - +0 flail
rCold   + . .        c - +0 buckler
rNeg    + + .        E - +2 scale mail {rC+}
rPois   ∞            (no helmet)
rElec   +            j - +0 cloak
rCorr   .            l - +0 pair of gloves
SInv    .            (no boots)
Will    .....        (no amulet) Stlth
                     C - ring of positive energy
HPRegen 0.28/turn    (no ring)
MPRegen 0.11/turn

%: no passive effects
@: no status effects
A: sickness immunity, AC +5, negative energy resistance 1, electricity
resistance, torment resistance 1, petrification resistance
a: no special abilities


You were on level 6 of the Dungeon.
You visited 1 branch of the dungeon, and saw 6 of its levels.

You collected 268 gold pieces.
You spent 81 gold pieces at shops.

Inventory:

Hand Weapons
 a - a +0 flail (weapon)
Missiles
 r - 15 poisoned darts
Armour
 c - a +0 buckler (worn)
 j - a +0 cloak (worn)
 l - a +0 pair of gloves (worn)
 E - a +2 scale mail of cold resistance (worn)
 I - the +0 leather armour of Pragmatism {Dex+2}
   (You found it on level 6 of the Dungeon)

   Dex:       It affects your dexterity (+2).
Magical Staves
 y - a staff of fire
Jewellery
 q - an amulet of faith
 C - a ring of positive energy (left hand)
Wands
 A - a wand of roots (9)
Scrolls
 f - a scroll of silence {unknown}
 g - 4 scrolls of fog {unknown}
 h - a scroll of vulnerability {unknown}
 i - a scroll of noise {unknown}
 o - a scroll of fear {unknown}
 u - 3 scrolls of identify {unknown}
 v - a scroll of enchant armour {unknown}
 x - a scroll of revelation {unknown}
 B - a scroll of enchant weapon {unknown}
 D - a scroll of amnesia {unknown}
 F - a scroll of immolation {unknown}
 H - a scroll of blinking {unknown}
Potions
 b - a potion of lignification {unknown}
 d - a potion of might
 e - 3 potions of enlightenment {unknown}
 k - a potion of berserk rage {unknown}
 m - 2 potions of magic {unknown}
 n - 2 potions of heal wounds {unknown}
 p - 2 potions of degeneration
 s - a potion of resistance {unknown}
 t - a potion of haste {unknown}
 w - a potion of curing
 z - 2 potions of ambrosia {unknown}
 G - a potion of brilliance {unknown}


   Skills:
 * Level 6.2 Fighting
 * Level 5.2 Maces & Flails
 + Level 5.6 Armour
 + Level 1.6 Dodging
 + Level 5.6 Shields
 + Level 1.7 Evocations


You had 7 spell levels left.
You didn't know any spells.
Your spell library contained the following spells:

 Spells                   Type           Power      Damage    Failure   Level
 Apportation              Tloc           0%         N/A       78%         1
 Sandblast                Erth           0%         2d4       78%         1
 Passwall                 Tmut/Erth      0%         N/A       89%         2
 Ignite Poison            Fire/Tmut/Pois 0%         N/A       98%         3
 Stone Arrow              Conj/Erth      0%         3d7       98%         3
 Sticky Flame             Conj/Fire      0%         2d3       100%        4
 Alistair's Intoxication  Tmut/Pois      0%         N/A       100%        5
 Freezing Cloud           Conj/Ice/Air   0%         6-21      100%        5
 Ignition                 Fire           0%         3d3       100%        8
 Cigotuvi's Dreadful Rot  Necr/Pois/Air  Unusable   N/A       N/A         2

Dungeon Overview and Level Annotations

Branches:
Dungeon (6/15)
 Temple: D:4-7

Altars:
Sif Muna
Zin
The Shining One

Shops:
D:1 ?   D:6 *

Annotations:
D:3 3 runed translucent doors, KarmaticGoose's ghost, weakling DsWn


Innate Abilities, Weirdness & Mutations

You are immune to sickness and miasma.
Your stone body is resilient. (AC +5)
You are immune to poison.
You resist negative energy. (rN+)
You are resistant to electric shocks. (rElec)
You are resistant to unholy torment.
You are immune to petrification.


Message History

The ogre hits you with a +0 giant club!!
* * * LOW HITPOINT WARNING * * *
You are too injured to fight recklessly!
You are too injured to fight recklessly!
You are too injured to fight recklessly!
You are too injured to fight recklessly!
You are too injured to fight recklessly!
You are too injured to fight recklessly!
You are too injured to fight recklessly!
You are too injured to fight recklessly!
You are too injured to fight recklessly!
You are too injured to fight recklessly!
You are too injured to fight recklessly!
You are too injured to fight recklessly!
The orc priest miscasts a cantrip.
The orc wizard gestures wildly while chanting.
The orc wizard flickers and vanishes!
Deactivating autopickup; reactivate with Ctrl-A.
Aiming: Fastroot
Press: ? - help, Shift-Dir - straight line, f - ogre
Aim: an ogre, wielding a +0 giant club (moderately wounded)
The roots erupt in riotous growth!
Roots grab the ogre.
Roots grab the orc.
The grasping roots constrict the orc.
The grasping roots constrict the ogre.
You hear a shout! x7
The ogre struggles to escape constriction.
The grasping roots constrict the orc!
You kill the orc!
The grasping roots constrict the ogre.
The ogre escapes!
Aiming: Fastroot
Press: ? - help, Shift-Dir - straight line, f/p - ogre
Aim: an ogre, wielding a +0 giant club (severely wounded)
The roots erupt in riotous growth!
Roots grab the ogre.
The grasping roots constrict the ogre.
You hear a shout!
The ogre struggles to escape constriction.
The orc priest calls down the wrath of Beogh upon you.
Beogh smites you!
You die...

####..#.# . . #... ####.###
###.......# .#. ....###....#
.........# ... ........####
#.....#.# #.# ...#....#
#.....#[# #o#.........###
#.....#.###.##..###.....##
#.........#O##..####..#..###
##.....###.#.##..#...........
#....### #..@................
#....#.## ####................
#..##
#.#########................ #.
#....<.....................
##..........................
..............................
##........[...................
#...............#<...........
##.................>.........


You could see an ogre (rooted) and an orc priest.

Vanquished Creatures
  2 ice beasts (D:5)
  2 black bears (D:5)
  2 ogres
  A scorpion (D:5)
  2 hounds
  2 orc priests
  4 iguanas
  A sleepcap (D:4)
  3 orc wizards
  2 adders (D:2)
  7 gnolls
  2 ufetubi (D:4)
  2 dart slugs (D:1)
  20 orcs
  4 bats
  9 endoplasms
  A giant cockroach (D:3)
  8 goblins
  6 hobgoblins
  3 quokkas
  11 ball pythons
  2 frilled lizards
  5 kobolds
  5 rats
106 creatures vanquished.

Vanquished Creatures (others)
  An orc wizard (D:5)
1 creature vanquished.

Grand Total: 107 creatures vanquished

Notes
Turn   | Place    | Note
-------+----------+-------------------------------------------
     0 | D:1      | arthad the Gargoyle Fighter began the quest for the Orb.
     0 | D:1      | Reached XP level 1. HP: 14/14 MP: 1/1
    60 | D:1      | Found The Oracle's Delphic Readings.
   102 | D:1      | Reached XP level 2. HP: 19/19 MP: 2/2
   604 | D:1      | Found a faded altar of an unknown god.
   794 | D:2      | Reached XP level 3. HP: 23/23 MP: 3/3
  1314 | D:3      | Reached skill level 4 in Fighting
  1314 | D:3      | Reached XP level 4. HP: 15/29 MP: 4/4
  1467 | D:3      | Found a runed translucent gate.
  1467 | D:3      | Found a runed translucent gate.
  1467 | D:3      | Found a runed translucent gate.
  1471 | D:3      | Noticed KarmaticGoose's ghost (weakling DsWn)
  1471 | D:3      | Identified the +3 mace "Conservator" {elec, rF+ rC- Dex+3
                  | Stlth+}
  2223 | D:4      | Reached XP level 5. HP: 20/33 MP: 5/5
  2376 | D:4      | Noticed an ogre
  2381 | D:4      | Killed an ogre
  2382 | D:4      | Reached XP level 6. HP: 39/39 MP: 6/6
  3082 | D:5      | Entered Level 5 of the Dungeon
  3137 | D:5      | Reached skill level 5 in Fighting
  3137 | D:5      | Reached skill level 5 in Armour
  3137 | D:5      | Reached skill level 5 in Shields
  3137 | D:5      | Reached XP level 7. HP: 41/44 MP: 7/7
  3152 | D:5      | Found a glowing golden altar of the Shining One.
  3434 | D:5      | Reached skill level 1 in Evocations
  3576 | D:5      | Found a shimmering blue altar of Sif Muna.
  3640 | D:5      | Reached skill level 1 in Dodging
  3711 | D:5      | Reached XP level 8. HP: 37/51 MP: 8/8
  4031 | D:5      | Found a glowing silver altar of Zin.
  4158 | D:5      | Reached skill level 6 in Fighting
  4158 | D:5      | Reached skill level 5 in Maces & Flails
  4291 | D:6      | Found Luxu's Assorted Antiques.
  4580 | D:6      | Bought a fizzy blue potion for 26 gold pieces
  4580 | D:6      | Bought a scroll labelled XAOCYM NYRYDA for 29 gold pieces
  4580 | D:6      | Bought an amethyst potion for 26 gold pieces
  4743 | D:6      | Identified the +0 leather armour of Pragmatism {Dex+2}
  4770 | D:6      | Killed from afar by an orc priest

Illustrated notes

Levels and vault maps discovered:
D:1:      elethiomel_arrival_shortcut, layout_rooms,
          chequers_ecumenical_altar_twisty, nicolae_nh_oracle_at_delphi
D:2:      layout_basic, minmay_misc_feat_x
D:3:      layout_loops_ring, biasface_ghost_orc_armoury
D:4:      nicolae_BIG_FREAKIN_CUBE, layout_basic
D:5:      wad_lake_hut, layout_cave_pools, kennysheep_mini, zin_statuary,
          lemuel_blue_sif_altar
D:6:      minmay_general_purpose_star, layout_rooms, nicolae_inconvenience_store

Skill      XL: |  1  2  3  4  5  6  7  8 |
---------------+-------------------------+-----
Fighting       | 4 5 6 |  6.2
Armour         | 4 5 |  5.6
Shields        | 4 5 |  5.6
Maces & Flails | 3 4 5 |  5.2
Evocations     | 1 |  1.7
Dodging        | 1 |  1.6

Action                     |  1- 3 |  4- 6 |  7- 9 || total
---------------------------+-------+-------+-------++-------
  Melee: Flail             |   107 |   167 |   162 ||   436
  Evoke: Wand              |       |       |     2 ||     2
    Use: Potion            |       |       |     2 ||     2
 Armour: Scale mail        |    42 |   102 |   160 ||   304
  Dodge: Dodged            |    49 |   106 |    51 ||   206
  Block: Buckler           |    20 |    46 |    34 ||   100

Table legend: (Time is in decaauts)
 A = Elapsed time spent in this place.
 B = Non-inter-level travel time spent in this place.
 C = Inter-level travel time spent in this place.
 D = Time resting spent in this place.
 E = Time spent auto-exploring this place.
 F = Levels seen in this place.
 G = Mean time per level.
                   A        B        C        D        E       F      G
               +--------+--------+--------+--------+--------+-----+--------+
         Total |   4927 |   4664 |    263 |    222 |   3368 |   6 |  821.2 |
       Dungeon |   4927 |   4664 |    263 |    222 |   3368 |   6 |  821.2 |
               +--------+--------+--------+--------+--------+-----+--------+

Top non-repeatable levels by time:
     D:5: 1328 daAuts
     D:4: 976 daAuts
     D:3: 925 daAuts
     D:1: 722 daAuts
     D:2: 535 daAuts
     D:6: 439 daAuts
